AoeStats
← Red Calypso

African Clearing

504882627Analyzed
4v4 RM · 26d ago on Sep 6, 2026· 46m 6s· 8 players
Game mode
Random Map
Map size
Large (8 player)
Population
200
Speed
Normal
Resources
Standard
Victory
Conquest
Starting age
Dark Age
Ending age
Imperial Age
RankedLock teamsTeams togetherTeam positionsShared explorationLock speedFull tech treeHidden civsTurbo modeCheats
Victory
Defeat
🇺🇸 Cumans · United States
1410
+16
🇺🇸 Georgians · United States
1398
+17
🇲🇽 Bulgarians · Mexico
1389
+17
🇧🇴 Ethiopians · Bolivia
1389
+17
🇩🇪 Spanish · Germany
1511
-21
🇩🇪 Britons · Germany
1422
-17
🇩🇪 Aztecs · Germany
1380
-15
🇦🇹 Dravidians · Austria
1356
-14
SunK
4:25 Loom
8:58 Loom
11:23 Feudal Age
11:54 Double-Bit Axe
11:53 Horse Collar
21:17 Castle Age
19:30 Stone Mining
20:01 Gold Mining
20:24 Fletching
22:07 Bodkin Arrow
22:23 Bow Saw
22:14 Heavy Plow
25:55 Wheelbarrow
30:04 Imperial Age
28:05 Scale Barding Armor
29:09 Chain Barding Armor
29:32 Forging
29:56 Bloodlines
30:45 Iron Casting
30:15 Cavalier
31:36 Plate Barding Armor
32:48 Gold Shaft Mining
36:41 Blast Furnace
35:48 Paladin
37:13 Conscription
38:03 Light Cavalry
39:02 Hussar
45:40 Two-Man Saw
45:11 Crop Rotation
46:10 Hand Cart
DkDave
3:18 Loom
12:57 Feudal Age
18:51 Castle Age
28:23 Double-Bit Axe
28:23 Horse Collar
33:47 Bow Saw
34:20 Redemption
39:55 Wheelbarrow
42:15 Imperial Age
43:22 Scale Barding Armor
43:27 Forging
43:17 Scale Mail Armor
43:54 Husbandry
44:05 Bloodlines
45:01 Scale Mail Armor
45:37 Iron Casting
44:50 Gambesons
46:05 Chain Mail Armor
45:54 Squires
45:39 Arson
jimmy
4:27 Loom
13:27 Feudal Age
16:58 Castle Age
16:17 Double-Bit Axe
17:43 Town Watch
20:23 Bow Saw
21:00 Horse Collar
25:10 Stone Mining
28:24 Treadmill Crane
31:43 Wheelbarrow
33:42 Hand Cart
33:21 Fletching
33:56 Ballistics
34:14 Elite Skirmisher
35:22 Bodkin Arrow
35:28 Padded Archer Armor
38:41 Leather Archer Armor
45:01 Imperial Age
42:53 Gold Mining
43:41 Stone Shaft Mining
46:43 Heavy Plow
yecjoel
11:53 Loom
15:07 Feudal Age
15:40 Double-Bit Axe
16:34 Town Watch
19:31 Castle Age
18:44 Gold Mining
19:03 Man-at-Arms
19:36 Fletching
19:49 Crossbowman
23:58 Bodkin Arrow
27:27 Ballistics
28:15 Bow Saw
29:09 Horse Collar
29:53 Padded Archer Armor
31:33 Elite Skirmisher
38:58 Masonry
40:17 Leather Archer Armor
43:22 Imperial Age
41:02 Heavy Plow
44:36 Wheelbarrow
43:26 Arbalester
44:08 Bracer
45:10 Chemistry
43:39 Capped Ram
46:11 Ring Archer Armor
Red Calypso
5:26 Loom
14:41 Feudal Age
15:25 Man-at-Arms
25:19 Double-Bit Axe
26:59 Wheelbarrow
32:07 Castle Age
30:58 Scale Mail Armor
31:09 Forging
32:34 Horse Collar
33:05 Pikeman
33:46 Squires
36:40 Wheelbarrow
Aremenius
14:02 Feudal Age
14:48 Double-Bit Axe
17:37 Castle Age
15:45 Horse Collar
16:06 Fletching
19:15 Loom
24:29 Fletching
26:03 Bow Saw
27:04 Wheelbarrow
31:07 Imperial Age
28:18 Crossbowman
29:57 Gold Mining
30:08 Heavy Plow
30:52 Bodkin Arrow
31:09 Arbalester
32:59 Chemistry
33:04 Bracer
34:51 Ballistics
35:12 Town Watch
35:37 Eagle Warrior
36:17 Squires
36:19 Scale Mail Armor
37:01 Padded Archer Armor
37:33 Hand Cart
37:26 Siege Engineers
37:33 Forging
37:06 Treadmill Crane
37:00 Pikeman
vR-MrReD
2:51 Loom
12:17 Feudal Age
14:27 Double-Bit Axe
16:47 Castle Age
17:29 Wheelbarrow
17:42 Padded Archer Armor
26:54 Leather Archer Armor
38:50 Bow Saw
41:31 Hand Cart
41:16 Horse Collar
LukasPlanet
6:22 Loom
13:10 Feudal Age
14:39 Double-Bit Axe
17:17 Castle Age
15:43 Horse Collar
18:46 Bow Saw
22:34 Heavy Plow
23:28 Town Watch
24:24 Wheelbarrow
25:59 Hand Cart
25:49 Fletching
25:59 Padded Archer Armor
26:33 Town Patrol
27:33 Leather Archer Armor
27:43 Gold Mining
27:43 Stone Mining
27:54 Bodkin Arrow
27:21 Crossbowman
29:50 Ballistics
30:52 Gold Shaft Mining
35:02 Imperial Age
35:28 Arbalester
36:10 Bracer
38:52 Chemistry
38:49 Conscription
Connection lost

Rejoining the realm…

Still unreachable

The connection could not be restored.

Session expired

The server has moved on; the page needs a fresh start.